Map: Dasan Station LE

Players

SortOf - Winner!

  • Race: Zerg Zerg
  • League: Master

Major (SpeCial)

  • Race: Terran Terran
  • League: Master

Event: DreamHack ZOWIE Open Valencia 2016

VOD

Have the link to the VOD?

Description

Time

  • Played on: July 15, 2016, 7:30 a.m.
  • Length: 13:02

All games in this series

Show
View Real Time Build Order
Export as new Build Order

SortOf Zerg - Winner!

Build Orders: Hatch First, Muta Ling Bane 

Get SALT Encoding   

  12  0:00  Drone  
  13  0:13  Overlord  
  13  0:17  Drone  
  14  0:31  Drone x2  
  16  0:35  Drone  
  17  0:51  Hatchery  
  17  0:54  Drone  
  17  0:58  Drone  
  17  1:01  Extractor  
  17  1:13  Spawning Pool  
  17  1:16  Drone  
  17  1:19  Drone  
  18  1:28  Drone  
  19  1:39  Overlord  
  19  1:53  Drone  
  20  2:00  Zergling x2, Queen  
  23  2:03  Metabolic Boost  
  23  2:04  Queen  
  23  2:07  Zergling x2  
  26  2:11  Zergling x2  
  27  2:15  Drone  
  29  2:22  Drone  
  29  2:26  Drone  
  30  2:33  Drone  
  30  2:36  Queen  
  31  2:38  Overlord  
  33  2:46  Lair  
  34  2:51  Drone x2  
  34  2:54  Drone  
  34  2:58  Drone  
  37  3:07  Drone  
  37  3:08  Drone  
  39  3:13  Overlord  
  39  3:15  Drone x3  
  39  3:16  Drone  
  43  3:22  Extractor  
  43  3:24  Extractor, Queen  
  43  3:29  Drone  
  43  3:31  Overlord  
  43  3:34  Drone  
  45  3:36  Drone  
  45  3:41  Drone x2  
  48  3:45  Extractor  
  48  3:48  Drone x2  
  49  3:54  Drone, Spire  
  49  3:56  Drone  
  49  3:58  Drone  
  51  4:05  Queen  
  51  4:09  Drone  
  55  4:10  Drone x2  
  55  4:13  Zergling x2  
  57  4:21  Zergling x2  
  58  4:25  Drone x2  
  60  4:32  Hatchery  
  60  4:33  Drone  
  60  4:40  Baneling Nest  
  60  4:43  Drone  
  60  4:53  Overlord x2  
  60  4:55  Evolution Chamber  
  60  4:57  Overlord  
  59  5:05  Overlord  
  59  5:07  Zerg Flyer Weapons Level 1  
  59  5:12  Mutalisk x4  
  67  5:15  Mutalisk  
  69  5:23  Mutalisk  
  69  5:24  Mutalisk  
  69  5:26  Zergling x4  
  70  5:31  Zergling x4  
  69  5:49  Mutalisk  
  63  5:50  Mutalisk  
  63  5:54  Drone  
  63  5:55  Drone x4  
  63  5:56  Extractor  
  71  5:59  Drone x4  
  75  6:13  Mutalisk  
  75  6:14  Mutalisk  
  77  6:29  Drone x8  
  77  6:31  Centrifical Hooks  
  85  6:37  Zergling x8  
  89  6:45  Zerg Ground Armor Level 1  
  89  7:02  Overlord x3  
  89  7:03  Extractor  
  89  7:05  Extractor  
  89  7:08  Drone x2  
  89  7:09  Overlord  
  89  7:12  Overlord  
  89  7:13  Overlord  
  89  7:16  Overlord  
  89  7:17  Overseer  
  89  7:22  Hatchery  
  88  7:26  Mutalisk x4  
  88  7:28  Zergling x12  
  102  7:34  Drone x3  
  105  7:37  Zergling x2  
  105  7:39  Mutalisk x2  
  105  7:44  Drone x2  
  112  7:46  Baneling  
  112  7:47  Baneling x3  
  112  7:48  Drone  
  113  7:53  Overlord, Mutalisk  
  115  8:02  Zergling x2  
  115  8:03  Zergling x10  
  121  8:11  Baneling x6  
  121  8:13  Zergling x2  
  121  8:14  Zergling x8  
  126  8:26  Corruptor x2  
  126  8:27  Corruptor  
  120  8:33  Zergling x8  
  120  8:42  Zerg Melee Weapons Level 1  
  120  8:43  Drone x4  
  120  8:47  Baneling x5  
  124  8:49  Drone x2  
  124  8:52  Mutalisk  
  128  9:02  Mutalisk x2  
  128  9:10  Mutalisk  
  128  9:11  Mutalisk x2, Hatchery  
  133  9:23  Zergling x16  
  141  9:27  Zergling x6  
  144  9:31  Zergling x2  
  143  9:41  Baneling x6  
  143  9:43  Zergling x18  
  143  9:44  Baneling x2  
  143  9:45  Baneling  
  146  9:48  Zergling x4, Baneling  
  146  9:52  Baneling x6  
  146  9:54  Zergling x2  
  145  10:00  Zergling x4  
  145  10:01  Zergling x6  
  145  10:03  Zergling x2  
  135  10:16  Mutalisk x6  
  135  10:19  Zergling x4  
  143  10:32  Mutalisk x3  
  147  10:36  Zergling x4  
  147  10:37  Zergling x6  
  152  10:48  Zergling x2  
  152  10:49  Zergling x14  
  158  10:51  Baneling x6  
  158  10:52  Baneling  
  157  11:01  Overlord  
  157  11:02  Overseer  
  157  11:03  Overlord x2  
  157  11:22  Spore Crawler  
  156  11:25  Zergling x2  
  156  11:26  Zergling x28  
  171  11:42  Mutalisk  
  171  11:43  Mutalisk  
  171  11:47  Drone x2  
  171  11:48  Drone  
  171  11:52  Drone  
  158  12:03  Mutalisk x7  
  158  12:06  Zergling x2  
  158  12:07  Zergling x2  
  174  12:09  Overlord  
  174  12:18  Baneling x9  
  174  12:19  Overlord  
  174  12:21  Overlord  
  174  12:27  Baneling  
  174  12:28  Baneling x5  
  173  12:38  Zergling x32  
Show
View Real Time Build Order
Export as new Build Order

Major Terran 

Build Orders: MMM Bio 

Get SALT Encoding   

  12  0:00  SCV  
  13  0:13  SCV  
  14  0:17  Supply Depot  
  14  0:25  SCV  
  15  0:38  SCV  
  15  0:40  Barracks  
  16  0:43  Refinery  
  16  0:50  SCV  
  17  1:03  SCV  
  18  1:15  SCV  
  19  1:27  Marine, Orbital Command  
  20  1:39  Command Center  
  20  1:50  Factory  
  20  1:54  SCV  
  21  2:03  Barracks Reactor  
  21  2:07  Supply Depot  
  21  2:08  SCV  
  22  2:14  Refinery  
  22  2:20  SCV  
  23  2:24  Bunker  
  23  2:32  SCV  
  24  2:41  Marine, Starport  
  24  2:42  Marine  
  26  2:47  SCV  
  27  2:55  Factory Tech Lab  
  27  3:03  Orbital Command  
  27  3:06  Marine x2  
  27  3:08  SCV  
  29  3:14  Siege Tank  
  32  3:20  SCV  
  32  3:24  Marine x2  
  35  3:29  SCV  
  35  3:30  Medivac  
  35  3:32  SCV  
  39  3:41  Supply Depot, Marine x2  
  39  3:42  SCV  
  39  3:44  SCV  
  43  3:54  SCV  
  44  3:56  SCV  
  45  4:03  Siege Tank  
  45  4:06  Command Center  
  45  4:07  Marine x2  
  45  4:09  SCV x2  
  51  4:12  Medivac  
  53  4:17  Supply Depot  
  53  4:23  SCV  
  54  4:39  SCV x2  
  54  4:41  Supply Depot  
  54  4:42  Barracks  
  54  4:43  Barracks  
  56  4:45  Stimpack  
  56  4:48  Factory Reactor  
  56  4:51  SCV x2, Starport Reactor  
  58  4:53  Liberator  
  58  4:57  Engineering Bay x2  
  58  5:00  Marine, Refinery  
  58  5:02  Refinery  
  58  5:03  SCV  
  58  5:04  Barracks  
  60  5:08  SCV  
  64  5:15  SCV  
  64  5:16  Liberator  
  65  5:27  SCV x2, Marine  
  71  5:37  Liberator  
  68  5:44  Missile Turret  
  68  5:47  SCV, Missile Turret  
  68  5:48  SCV, Orbital Command  
  68  5:49  Missile Turret  
  61  5:56  Barracks Reactor  
  57  5:58  Barracks x2  
  57  6:01  SCV x2  
  57  6:02  Missile Turret  
  58  6:07  Marine x2  
  58  6:08  Widow Mine  
  62  6:17  SCV  
  62  6:18  SCV x2  
  62  6:28  Marine x2  
  62  6:29  Missile Turret  
  62  6:30  SCV x2, Marine  
  67  6:34  SCV  
  68  6:40  Medivac  
  68  6:42  SCV  
  68  6:43  Marine, Medivac  
  74  6:48  Factory Tech Lab  
  74  6:52  SCV x2  
  74  6:53  Marine x2  
  77  7:00  Supply Depot  
  77  7:01  Marine, SCV  
  77  7:08  Terran Infantry Armor Level 1, Terran Infantry Weapons Level 1  
  77  7:10  Barracks Reactor  
  77  7:12  SCV  
  77  7:21  Marine  
  77  7:22  SCV x2  
  80  7:24  SCV  
  80  7:26  Marine  
  80  7:27  Supply Depot, Marine x2, Barracks Reactor  
  80  7:28  Marine  
  83  7:33  Supply Depot  
  83  7:34  Supply Depot, SCV x2, Siege Tank  
  88  7:38  SCV  
  88  7:39  Marine  
  89  7:44  Marine x3  
  89  7:46  SCV  
  89  7:48  Marine x3, SCV  
  97  7:51  Supply Depot  
  97  7:54  Combat Shields  
  97  7:57  Marine  
  98  7:59  SCV x2  
  98  8:01  SCV  
  98  8:02  Marine x2  
  97  8:09  Missile Turret  
  97  8:11  Marine x2, Liberator  
  96  8:14  SCV x2, Liberator  
  96  8:16  SCV  
  96  8:19  Supply Depot, Marine x2  
  92  8:20  Marine  
  92  8:21  Marine  
  102  8:34  SCV  
  102  8:35  SCV  
  102  8:39  Marine  
  102  8:40  Marine x2  
  100  8:44  Supply Depot  
  100  8:45  SCV  
  100  8:46  SCV  
  100  8:47  SCV  
  103  8:55  Marine x2  
  103  8:56  Armory  
  103  8:57  SCV, Factory Reactor  
  103  8:58  Marine x2  
  108  9:03  SCV x2, Marine x2  
  108  9:04  Marine  
  108  9:07  Supply Depot  
  113  9:10  Marine x2  
  113  9:13  Marine, Medivac  
  113  9:14  Medivac  
  120  9:18  Marine x2  
  120  9:22  SCV x3  
  125  9:25  Supply Depot  
  125  9:27  Liberator x2  
  125  9:28  Marine x2  
  125  9:30  Marine x2  
  129  9:34  Marine x2  
  129  9:37  Marine x2  
  129  9:40  Marine  
  135  9:46  Marine x2  
  135  9:48  Marine x2  
  135  9:49  Supply Depot  
  135  9:52  Marine x2  
  141  9:54  Marine x2  
  141  9:58  Marine  
  136  10:04  Marine x2  
  136  10:06  Marine  
  133  10:07  Marine  
  133  10:10  Marine x2  
  133  10:12  Marine  
  114  10:14  SCV x3  
  114  10:16  Widow Mine x2  
  114  10:21  Terran Infantry Weapons Level 2  
  121  10:24  Terran Infantry Armor Level 2  
  121  10:25  Marine x3  
  123  10:29  SCV x2  
  125  10:37  Medivac x2  
  129  10:43  Marine  
  129  10:44  Marine  
  129  10:46  Marine x2  
  129  10:48  Marine x2  
  129  10:51  SCV x2  
  129  10:54  Marine x3  
  129  10:56  Liberator  
  129  10:57  Widow Mine, Liberator  
  130  11:00  Widow Mine  
  130  11:01  Marine x2  
  130  11:04  Marine  
  136  11:06  Marine x2  
  137  11:17  Marine x2  
  137  11:18  Marine  
  145  11:23  Marine x2  
  145  11:24  Supply Depot, Marine  
  146  11:37  Marine  
  144  11:41  Marine x2  
  144  11:42  Marine x2  
  144  11:43  Marine  
  144  11:44  Marine  
  144  11:46  Marine x2  
  140  11:55  Marine  
  140  11:58  SCV x3  
  140  11:59  Marine x2  
  140  12:00  Marine  
  136  12:03  Marine x2  
  136  12:05  Widow Mine x2  
  136  12:06  Marine x2  
  136  12:07  Missile Turret  
  144  12:09  Marine  
  144  12:13  Marine  
  145  12:17  Marine x3  
  145  12:21  Marine x2  
  150  12:24  Marine x2  
  150  12:27  Marine, Medivac  
  155  12:30  Medivac  
  155  12:31  Marine  
  155  12:34  Marine  
  155  12:35  Marine  
  158  12:43  Marine x2  
  158  12:44  Marine  

Tags
 
Add a new tag
Caveats
  • Supply blocks, unpowered buildings, or Contaminate may cause inaccurate times.
  • Supply counts are checked every 10 seconds.